 Dungeon Crawl Stone Soup version 0.26-a0-610-g3e9335bbc7 (webtiles) character file.

Game seed: 3444608322105844653

8 DiceMaster the Vexing (level 2, 16/16 HPs)
             Began as a Deep Elf Arcane Marksman on July 26, 2020.
             Quit the game on level 1 of the Dungeon on Sept 4, 2020.
             The game lasted 00:02:09 (469 turns).

DiceMaster the Vexing (Deep Elf Arcane Marksman)     Turns: 469, Time: 00:02:10

Health: 16/16      AC:  3    Str:  7    XL:     2   Next: 0%
Magic:  6/6        EV: 13    Int: 17    God:
Gold:   19         SH:  0    Dex: 15    Spells: 3/4 levels left

rFire    . . .     SeeInvis .   f - +1 dagger (venom)
rCold    . . .     Faith    .   (no shield)
rNeg     . . .     Spirit   .   e - +0 robe
rPois    .         Reflect  .   (no helmet)
rElec    .         Harm     .   (no cloak)
rCorr    .                      (no gloves)
MR       .....                  b - +0 pair of boots
Stlth    +.........             (no amulet)
HPRegen  0.05/turn              (no ring)
MPRegen  0.10/turn              (no ring)

@: no status effects
A: no striking features
a: no special abilities


You were on level 1 of the Dungeon.
You visited 1 branch of the dungeon, and saw 1 of its levels.

You collected 19 gold pieces.

Inventory:

Hand Weapons
 a - a +0 shortbow
 f - a +1 dagger of venom (weapon)
Missiles
 d - 44 arrows
Armour
 b - a +0 pair of boots (worn)
 e - a +0 robe (worn)
Scrolls
 c - a scroll of remove curse {unknown}
 g - a scroll of identify {unknown}
 h - a scroll of magic mapping {unknown}


   Skills:
 * Level 1.2 Fighting
 + Level 0.2 Short Blades
 + Level 2.9 Bows
 + Level 2.6 Dodging
 - Level 1.5 Spellcasting
 - Level 4.0 Hexes


You had 3 spell levels left.
You knew the following spells:

 Your Spells              Type           Power        Failure   Level
a - Corona                Hex            ##.....      4%          1

Your spell library contained the following spells:

 Spells                   Type           Power        Failure   Level
 Slow                     Hex            ##......     6%          2
 Inner Flame              Hex/Fire       #.......     26%         3
 Portal Projectile        Hex/Tloc       #.....       26%         3
 Cause Fear               Hex            ##........   36%         4
 Leda's Liquefaction      Hex/Erth       #.........   65%         4


Dungeon Overview and Level Annotations

Branches:
Dungeon (1/15)

Altars:


Message History

Firing (i - inventory)
d - 45 arrows (quivered)
Press: ? - help, Shift-Dir - straight line, f - bat
Aim: a bat (asleep)
You shoot an arrow. The arrow hits the bat.
The bat is severely wounded.
You are now empty-handed.
Your +1 dagger of venom begins to drip with poison!
f - a +1 dagger of venom (weapon)
You barely miss the bat.
The bat is severely wounded.
The bat barely misses you. The bat misses you. The bat barely misses you.
You hit the bat.
You kill the bat!
You have reached level 2!
Save game and exit?
Welcome back, DiceMaster the Deep Elf Arcane Marksman.
Press ? for a list of commands and other information.
Unknown command.
Are you sure you want to abandon this character and quit the game? (Confirm with "yes".)

#....# #.##.##
#.##..# #.###.#
#.# #.## #.#
#..# #.# ##.#
####.# #.###
#.†@.# #.[>##
#.##.# ###..# #
.#.# ##.# ..
... #.### ##
.#. .#.#
#...###.. >...
.....####.....#
.# #( .#
#?#...)..### ..
l.
.......####..#
.### ##.##


There were no monsters in sight!

Vanquished Creatures
  A dart slug (D:1)
  A goblin (D:1)
  2 kobolds (D:1)
  A bat (D:1)
  A rat (D:1)
6 creatures vanquished.

Notes
Turn   | Place    | Note
-------+----------+-------------------------------------------
     0 | D:1      | DiceMaster the Deep Elf Arcane Marksman began the quest for
                  | the Orb.
     0 | D:1      | Reached XP level 1. HP: 11/11 MP: 5/5
    53 | D:1      | Reached skill level 1 in Fighting
   468 | D:1      | Reached XP level 2. HP: 16/16 MP: 6/6
   469 | D:1      | Upgraded the game from 0.26-a0-438-g4b1dca4f87 to
                  | 0.26-a0-610-g3e9335bbc7
   469 | D:1      | Quit the game

Illustrated notes

Levels and vault maps discovered:
D:1:      minmay_arrival_loop, layout_rooms, st_stairs_10, xom_teletrap_fun

Skill      XL: |  1 |
---------------+----+-----
Fighting       | 1 |  1.2
Short Blades   | |  0.2
Bows           | |  2.9
Dodging        | |  2.6
Spellcasting   | |  1.5
Hexes          | |  4.0

Action                   || total
-------------------------++-------
Melee: Dagger            ||     7
 Fire: Shortbow          ||    13
Dodge: Dodged            ||     4

Table legend: (Time is in decaauts)
 A = Elapsed time spent in this place.
 B = Non-inter-level travel time spent in this place.
 C = Inter-level travel time spent in this place.
 D = Time resting spent in this place.
 E = Time spent auto-exploring this place.
 F = Levels seen in this place.
 G = Mean time per level.
                   A        B        C        D        E       F      G
               +--------+--------+--------+--------+--------+-----+--------+
         Total |    469 |    469 |      0 |    216 |    191 |   1 |  469.0 |
       Dungeon |    469 |    469 |      0 |    216 |    191 |   1 |  469.0 |
               +--------+--------+--------+--------+--------+-----+--------+

Top non-repeatable levels by time:
     D:1: 469 daAuts
